 Dungeon Crawl Stone Soup version 0.30.1-11-g7821555f0a (webtiles) character file.

Game seed: 4518708821688373856

80 Ekaitz the Gusty (level 4, 0/25 HPs)
             Began as a Tengu Air Elementalist on Dec 23, 2023.
             Killed by their own static electricity (3 damage)
             ... on level 3 of the Dungeon.
             The game lasted 00:03:41 (2350 turns).

Ekaitz the Gusty (Tengu Air Elementalist)           Turns: 2350, Time: 00:03:42

Health: 0/25       AC:  2    Str:  9    XL:     4   Next: 39%
Magic:  0/8        EV: 12    Int: 17    God:
Gold:   120        SH:  0    Dex: 14    Spells: 1/7 levels left

rFire   . . .        d - +0 dagger
rCold   . . .        (no shield)
rNeg    . . .        a - +0 robe
rPois   .            (helmet restricted)
rElec   .            (no cloak)
rCorr   +            (no gloves)
SInv    .            (boots unavailable)
Will    .....        (no amulet)
Stlth   ++           g - ring of resist corrosion
HPRegen 0.24/turn    (no ring)
MPRegen 0.11/turn

%: no passive effects
@: no status effects
A: beak, talons 3
a: no special abilities


You were on level 3 of the Dungeon.
You visited 1 branch of the dungeon, and saw 3 of its levels.

You collected 120 gold pieces.

Inventory:

Hand Weapons
 d - a +0 dagger (weapon)
Missiles
 i - 2 silver javelins
Armour
 a - a +0 robe (worn)
Jewellery
 g - a ring of resist corrosion (left hand)
 m - a ring of fire
Scrolls
 c - a scroll of magic mapping {unknown}
 e - 3 scrolls of identify {unknown}
 f - 2 scrolls of poison {unknown}
 j - a scroll of fog {unknown}
 k - a scroll of immolation {unknown}
 n - a scroll of teleportation {unknown}
Potions
 b - a potion of magic
 h - a potion of lignification {unknown}
 l - a potion of degeneration {unknown}
 o - a potion of mutation {unknown}


   Skills:
 * Level 1.5 Fighting
 + Level 0.1 Short Blades
 * Level 2.6 Dodging
 + Level 2.3 Stealth
 + Level 2.2 Spellcasting
 * Level 2.2 Conjurations
 * Level 5.1 Air Magic


You had one spell level left.
You knew the following spells:

 Your Spells              Type           Power      Damage    Failure   Level
a - Shock                 Conj/Air       56%        1d6       4%          1
b - Static Discharge      Conj/Air       28%        2-4/arc   6%          2
c - Swiftness             Air            19%        N/A       7%          3

Your spell library contained the following spells:

 Spells                   Type           Power      Damage    Failure   Level
 Summon Small Mammal      Summ           4%         N/A       19%         1
 Airstrike                Air            9%         2d(2-18)  22%         4
 Call Canine Familiar     Summ           1%         N/A       50%         3
 Summon Guardian Golem    Hex/Summ       1%         N/A       50%         3
 Manifold Assault         Tloc           1%         N/A       88%         4
 Dispersal                Tloc           0%         N/A       100%        6
 Disjunction              Tloc           0%         N/A       100%        8


Dungeon Overview and Level Annotations

Branches:
Dungeon (3/15)

Altars:

Annotations:
D:3 Ijyb


Innate Abilities, Weirdness & Mutations

You have a beak for a mouth.
You have claws for feet.


Message History

Ijyb zaps a wand.
You resist with some effort.
You hit Ijyb but do no damage. Your kick misses Ijyb. Your peck misses Ijyb.
Ijyb zaps a wand.
You suddenly lose the ability to move!
Ijyb screams, "I dance on your bones!" Ijyb hits you with a +0 club.
Ijyb hits you with a +0 club! Ijyb hits you with a +0 club.
Ijyb barely misses you.
You can move again.
Unknown command.
Casting: Shock (safe; 4% risk of failure)
Confirm with . or Enter, or press ? or * to list all spells.
Ijyb is struck by an arc of lightning.
Ijyb is lightly wounded.
You are struck by an arc of lightning.
The lightning grounds out.
Ijyb completely misses you.
Unknown command.
Casting: Static Discharge (safe; 6% risk of failure)
Confirm with . or Enter, or press ? or * to list all spells.
Ijyb is struck by an arc of lightning.
Ijyb is moderately wounded.
You are struck by an arc of lightning.
The lightning grounds out.
Ijyb zaps a wand.
You shrug off the repeated paralysis!
The now-empty wand crumbles to dust.
Casting: Static Discharge (safe; 6% risk of failure)
Confirm with . or Enter, or press ? or * to list all spells.
Ijyb is struck by an arc of lightning.
Ijyb is heavily wounded.
You are struck by an arc of lightning.
Ijyb is struck by an arc of lightning.
Ijyb is severely wounded.
You are struck by an arc of lightning.
* * * LOW HITPOINT WARNING * * *
The lightning grounds out.
Ijyb hits you with a +0 club.
* * * LOW HITPOINT WARNING * * *
Casting: Static Discharge (safe; 6% risk of failure)
Confirm with . or Enter, or press ? or * to list all spells.
Ijyb is struck by an arc of lightning.
Ijyb is severely wounded.
You are struck by an arc of lightning.
You die...

..........# ...#
#.##......# ...# #
#.##......# ...# ..
...#......# ...#.# ##
...#......# ..... ..
...#......##+#...#>#.#
####.................#
............####...#
########.......@g...#
#.....#####.....
#.....# .#. #.....#
#.....# #.....#
###.....# #.......#
#.......#


You could see Ijyb.

Vanquished Creatures
  2 adders (D:2)
  2 worms (D:2)
  2 dart slugs
  2 endoplasms (D:1)
  2 giant cockroaches (D:1)
  3 goblins
  4 hobgoblins
  8 jackals
  2 quokkas
  3 ball pythons
  5 bats
  5 frilled lizards
  4 kobolds
  9 rats (D:2)
53 creatures vanquished.

Notes
Turn   | Place    | Note
-------+----------+-------------------------------------------
     0 | D:1      | Ekaitz the Tengu Air Elementalist began the quest for the
                  | Orb.
     0 | D:1      | Reached XP level 1. HP: 10/10 MP: 4/4
   230 | D:1      | Reached XP level 2. HP: 16/16 MP: 4/6
   233 | D:1      | Learned a level 2 spell: Static Discharge
   656 | D:1      | Reached XP level 3. HP: 20/20 MP: 7/7
  1160 | D:2      | Reached skill level 5 in Air Magic
  1194 | D:2      | Reached skill level 1 in Fighting
  1635 | D:2      | Reached XP level 4. HP: 20/25 MP: 5/8
  1639 | D:2      | Learned a level 3 spell: Swiftness
  2334 | D:3      | Noticed Ijyb
  2342 | D:3      | Paralysed by Ijyb for 5 turns
  2350 | D:3      | Killed from afar by themself

Illustrated notes

Levels and vault maps discovered:
D:1:      matt_arrival_spirals, layout_rooms
D:2:      layout_basic, minmay_misc_feat_tiny, minmay_rat_gold_closets
D:3:      layout_basic, minmay_misc_feat_more_columns, uniq_terence, uniq_ijyb,
          uniq_jessica

Skill      XL: |  1  2  3 |
---------------+----------+-----
Air Magic      | 5 |  5.1
Fighting       | 1 |  1.5
Conjurations   | 2 |  2.2
Short Blades   | |  0.1
Dodging        | |  2.6
Stealth        | |  2.3
Spellcasting   | |  2.2

Action                     |  1- 3 |  4- 6 || total
---------------------------+-------+-------++-------
  Melee: Dagger            |    21 |     1 ||    22
         Kick              |     3 |       ||     3
         Peck              |     3 |       ||     3
   Cast: Shock             |    58 |    11 ||    69
         Static Discharge  |     9 |     5 ||    14
   Stab: Sleeping          |     5 |       ||     5
 Armour: Robe              |    10 |       ||    10
  Dodge: Dodged            |    26 |     5 ||    31
